 Dungeon Crawl Stone Soup version 0.32-a0-22-g6ae6769602 (webtiles) character file.

Game seed: 1001741710707786990

1905 IdlyInterested the Slicer (level 8, -2/54 HPs)
             Began as a Demonspawn Fighter on Jan 18, 2024.
             Killed from afar by a white imp (5 damage)
             ... with a puff of frost
             ... on level 6 of the Dungeon.
             The game lasted 00:19:58 (5731 turns).

IdlyInterested the Slicer (Demonspawn Fighter)      Turns: 5731, Time: 00:19:59

Health: -2/54      AC:  7    Str: 26    XL:     8   Next: 94%
Magic:  11/11      EV: 12    Int:  8    God:
Gold:   325        SH:  5    Dex: 12    Spells: 11/11 levels left

rFire   + . .        O - +0 rapier
rCold   + + .        (no shield)
rNeg    . . .        N - +0 steam dragon scales
rPois   +            C - +0 helmet
rElec   +            A - scarf {+Inv}
rCorr   +            (no gloves)
SInv    .            D - +0 pair of boots
Will    .....        p - amulet of reflection
Stlth   ++           j - ring of protection from cold
HPRegen 0.29/turn    d - +6 ring of strength
MPRegen 0.24/turn

%: reflection
@: mighty, resistant
A: magic regeneration, weakness stinger 2, demonic touch 2, frail 1, electricity
resistance
a: Evoke Invisibility


You were on level 6 of the Dungeon.
You visited 2 branches of the dungeon, and saw 7 of its levels.

You collected 325 gold pieces.

Inventory:

Hand Weapons
 e - a +0 short sword
 y - a +3 long sword
 O - a +0 rapier (weapon)
Missiles
 h - a stone (quivered)
 G - 5 poisoned darts
 H - 6 boomerangs
Armour
 b - a +0 buckler
 s - a +0 plate armour
 A - a scarf of invisibility (worn)
 C - a +0 helmet (worn)
 D - a +0 pair of boots (worn)
 N - +0 steam dragon scales (worn)
Jewellery
 d - a +6 ring of strength (right hand)
 j - a ring of protection from cold (left hand)
 p - an amulet of reflection (around neck)
 w - a ring of fire
Talismans
 r - a blade talisman
Wands
 F - a wand of paralysis (2)
 I - a wand of flame (14)
Scrolls
 a - 2 scrolls of fog
 f - 6 scrolls of teleportation
 g - a scroll of butterflies
 B - a scroll of poison
 E - a scroll of torment {unknown}
 J - a scroll of fear {unknown}
 L - a scroll of amnesia {unknown}
 M - a scroll of vulnerability {unknown}
Potions
 c - 4 potions of might
 i - a potion of brilliance {unknown}
 k - a potion of cancellation {unknown}
 l - a potion of heal wounds {unknown}
 m - a potion of haste
 u - a potion of invisibility {unknown}
 v - a potion of mutation
 x - a potion of lignification {unknown}
 z - a potion of enlightenment {unknown}
 K - a potion of berserk rage {unknown}


   Skills:
 - Level 4.1 Fighting
 * Level 8.9 Short Blades
 - Level 2.0 Throwing
 - Level 2.6 Armour
 - Level 2.0 Dodging
 - Level 2.0 Stealth
 - Level 2.6 Shields
 - Level 2.0 Unarmed Combat
 - Level 2.0 Spellcasting
 - Level 2.0 Evocations


You had 11 spell levels left.
You didn't know any spells.
Your spell library contained the following spells:

 Spells                   Type           Power      Damage    Failure   Level
 Apportation              Tloc           0%         N/A       34%         1
 Foxfire                  Conj/Fire      0%         2x1d4     34%         1
 Necrotise                Necr           0%         1d4       34%         1
 Shock                    Conj/Air       0%         1d3       34%         1
 Sting                    Conj/Alch      0%         1d3       34%         1
 Summon Small Mammal      Summ           0%         N/A       34%         1
 Swiftness                Air            0%         N/A       71%         3
 Airstrike                Air            0%         2d(0-16)  98%         4
 Fireball                 Conj/Fire      0%         3d3       100%        5
 Plasma Beam              Fire/Air       0%         2x1d10    100%        6
 Summon Hydra             Summ           0%         N/A       100%        7


Dungeon Overview and Level Annotations

Branches:
Dungeon (6/15)             Temple (1/1) D:5

Altars:
Ashenzari
Gozag
Hepliaklqana
Kikubaaqudgha
Okawaru
Qazlal
Ru
Sif Muna
Trog
Vehumet
Wu Jian
Xom
Yredelemnul

Shops:
D:4 **

Annotations:
D:6 Jeremiah


Innate Abilities, Weirdness & Mutations

You regenerate magic rapidly.
You have a tail ending in a sharp stinger.
Your touch may inflict irresistible damage on your foes.
You are frail. (-10% HP)
You are resistant to electric shocks. (rElec)


Message History

The puff of frost hits you. You resist.
* * * LOW HITPOINT WARNING * * *
The scorpion attacks as it pursues you! The scorpion barely misses you.
You hit the scorpion. Your touch misses the scorpion.
The scorpion is lightly wounded.
The scorpion stings you but does no damage.
You hit the scorpion but do no damage.
The scorpion is lightly wounded.
The scorpion completely misses you.
You hit the scorpion. Your touch misses the scorpion.
The scorpion is moderately wounded.
The scorpion barely misses you.
You completely miss the scorpion.
The scorpion is moderately wounded.
The orc's inner flame fades away.
The scorpion barely misses you.
The white imp shouts, "Slither away, thou tottering weevil-witted blabberskite!"
You barely miss the scorpion.
You touch the scorpion!
You kill the scorpion!
You hit the orc.
The orc is heavily wounded.
You closely miss the orc.
The orc is heavily wounded.
The orc barely misses you.
Jeremiah cries, "Fearful master, protect me!"
Something smites you!
* * * LOW HITPOINT WARNING * * *
You feel very mighty all of a sudden.
The butterfly disappears in a burst of colours!
The orc closely misses you.
You feel protected. The orc hits you but does no damage.
Jeremiah hops!
You puncture the orc!
You kill the orc!
Jeremiah's inner flame fades away.
Found 2 stones.
The orc attacks as it pursues you! The orc closely misses you.
The orc's inner flame fades away.
The butterfly disappears in a burst of colours!
The white imp gestures at you. The puff of frost hits you. You resist.
You die...

#.......##$..##...###...S.._8_
##...##..#####..#.##.b..bo.._b
##....#...bb°b.#.......F.....
#..........b#...))b.......b.
#.##.......b##..)))$..bb....
#####[...####.#)##..#......b....
.......#.##...#.o#.......b......
.>....##.##.#..5.#..#...........
......##.##.#..#@...##..........
.....<##.## #.......###.....##
......##.## ##......# ###
....................#
.÷....###..#.#........
............(..........
......####.#.#.......... #.###.#
#.............. ..# #.#


You could see a white imp and an orc.

Vanquished Creatures
  Sigmund (D:5)
  A steam dragon (D:6)
  A black bear (D:5)
  2 phantoms (D:6)
  A centaur (D:6)
  A bullfrog (D:6)
  3 scorpions
  3 wights (D:6)
  2 bombardier beetles
  3 hounds
  2 jellies
  8 orc priests
  A sleepcap (D:5)
  An iguana (D:6)
  Natasha (thrice) (D:4)
  2 orc wizards (D:4)
  3 gnolls (D:5)
  11 adders
  A white imp (D:6)
  2 ufetubi (D:5)
  3 dart slugs
  A ribbon worm (D:4)
  25 orcs
  8 endoplasms
  10 giant cockroaches
  4 goblins
  7 hobgoblins
  2 jackals (D:1)
  4 quokkas
  6 ball pythons
  5 bats
  3 frilled lizards
  6 kobolds
  3 rats
139 creatures vanquished.

Notes
Turn   | Place    | Note
-------+----------+-------------------------------------------
     0 | D:1      | IdlyInterested the Demonspawn Fighter began the quest for
                  | the Orb.
     0 | D:1      | Reached XP level 1. HP: 18/18 MP: 1/1
    19 | D:1      | Got the Grimoire of the Comitatus and Flames
   416 | D:1      | Reached skill level 1 in Stealth
   472 | D:1      | Discovered your monstrous ancestry.
   472 | D:1      | Gained mutation: You have a small tail. [demonic ancestry]
   472 | D:1      | Reached XP level 2. HP: 24/24 MP: 2/2
   838 | D:1      | Found a faded altar of an unknown god.
  1040 | D:2      | Reached skill level 1 in Dodging
  1104 | D:2      | Reached skill level 1 in Throwing
  1104 | D:2      | Reached XP level 3. HP: 25/29 MP: 3/3
  1970 | D:2      | Gained mutation: Your touch may inflict minor irresistible
                  | damage on your foes. [demonic ancestry]
  1970 | D:2      | Reached XP level 4. HP: 30/37 MP: 4/4
  2666 | D:3      | Found a radiant altar of Vehumet.
  2676 | D:3      | Reached skill level 1 in Short Blades
  2722 | D:3      | Gained mutation: You have a tail ending in a sharp stinger.
                  | [demonic ancestry]
  2722 | D:3      | Reached XP level 5. HP: 42/42 MP: 5/5
  2727 | D:3      | Reached skill level 2 in Short Blades
  2816 | D:3      | Noticed a water elemental
  2822 | D:3      | Found a stormy altar of Qazlal.
  2824 | D:3      | Noticed a fire elemental
  2825 | D:3      | Noticed an air elemental
  3147 | D:4      | Gained mutation: You are frail. (-10% HP) [potion of
                  | mutation]
  3147 | D:4      | Gained mutation: You are resistant to electric shocks.
                  | (rElec) [potion of mutation]
  3187 | D:4      | Reached skill level 3 in Short Blades
  3187 | D:4      | Gained mutation: Your touch may inflict irresistible damage
                  | on your foes. [demonic ancestry]
  3187 | D:4      | Reached XP level 6. HP: 32/43 MP: 6/6
  3270 | D:4      | Reached skill level 4 in Short Blades
  3359 | D:4      | Noticed Natasha
  3364 | D:4      | Killed Natasha
  3588 | D:4      | Gained mutation: You regenerate magic rapidly. [demonic
                  | ancestry]
  3588 | D:4      | Reached XP level 7. HP: 45/48 MP: 7/7
  3725 | D:4      | Reached skill level 5 in Short Blades
  3795 | D:4      | Paralysed by an orc for 4 turns
  3931 | D:4      | Found Ynteq's Specific Store.
  3934 | D:4      | Found Lunus's General Store.
  3979 | D:4      | Noticed Natasha
  3984 | D:4      | Killed Natasha
  3985 | D:4      | Reached skill level 1 in Spellcasting
  4509 | D:4      | Noticed Natasha
  4515 | D:4      | Killed Natasha
  4525 | D:5      | Entered Level 5 of the Dungeon
  4676 | D:5      | Reached skill level 6 in Short Blades
  4741 | D:5      | Found a staircase to the Ecumenical Temple.
  4779 | Temple   | Entered the Ecumenical Temple
  4792 | D:5      | Noticed Sigmund
  4802 | D:5      | Killed Sigmund
  4803 | D:5      | Reached skill level 1 in Evocations
  4803 | D:5      | Reached XP level 8. HP: 47/54 MP: 11/11
  5409 | D:6      | Reached skill level 7 in Short Blades
  5689 | D:6      | Found a broken altar of Ashenzari.
  5689 | D:6      | Found an ornate altar of the Wu Jian Council.
  5689 | D:6      | Found a sacrificial altar of Ru.
  5689 | D:6      | Noticed Jeremiah
  5697 | D:6      | Reached skill level 8 in Short Blades
  5726 | D:6      | HP: 1/54 [Jeremiah/divine providence (12)]
  5731 | D:6      | Killed from afar by a white imp

Illustrated notes

Levels and vault maps discovered:
D:1:      evilmike_arrival_hilbert_curve, layout_basic, basic_ecumenical_altar
D:2:      layout_loops_corners
D:3:      minmay_roachtagon, layout_rooms, nicolae_qazlal_style_of_elements,
          nicolae_vehumet_altar_sigil
D:4:      layout_basic, minmay_misc_feat_room, nicolae_specific_store,
          uniq_natasha
D:5:      layout_basic, minmay_temple_entry_tees, uniq_sigmund
D:6:      cheibrodos_quashed, layout_rooms,
          chequers_temple_overflow_statue_of_worship, cheibrodos_worm_habitat,
          elyvilon_altar_3, serial_shops, nicolae_shop_bloodbath_and_beyond,
          sword_in_stone, uniq_jeremiah
Temple:   nicolae_temple_bog_church

Skill      XL: |  1  2  3  4  5  6  7  8 |
---------------+-------------------------+-----
Stealth        | 1 2 |  2.0
Dodging        | 1 2 |  2.0
Throwing       | 1 2 |  2.0
Fighting       | 4 |  4.1
Unarmed Combat | 2 |  2.0
Short Blades   | 1 3 4 6 8 |  8.9
Spellcasting   | 2 |  2.0
Evocations     | 1 2 |  2.0
Armour         | |  2.6
Shields        | |  2.6

Action                     |  1- 3 |  4- 6 |  7- 9 || total
---------------------------+-------+-------+-------++-------
  Melee: Unarmed           |   171 |       |       ||   171
         Tailslap          |     9 |    28 |    33 ||    70
         Short sword       |       |   152 |   186 ||   338
         Touch             |       |    33 |    36 ||    69
         Punch             |       |     1 |     6 ||     7
         Rapier            |       |       |    25 ||    25
  Throw: Stone             |       |     6 |    16 ||    22
  Evoke: Wand              |       |       |     2 ||     2
    Use: Scroll            |     4 |     2 |     4 ||    10
         Potion            |     1 |     1 |     5 ||     7
 Armour: Scale mail        |    74 |       |       ||    74
         Chain mail        |    58 |     8 |       ||    66
         Plate armour      |       |    75 |   140 ||   215
         Steam dragon scal |       |       |    16 ||    16
  Dodge: Dodged            |    60 |    39 |    75 ||   174
  Block: Buckler           |    48 |       |       ||    48
         Other             |       |    15 |    33 ||    48

Table legend: (Time is in decaauts)
 A = Elapsed time spent in this place.
 B = Non-inter-level travel time spent in this place.
 C = Inter-level travel time spent in this place.
 D = Time resting spent in this place.
 E = Time spent auto-exploring this place.
 F = Levels seen in this place.
 G = Mean time per level.
                   A        B        C        D        E       F      G
               +--------+--------+--------+--------+--------+-----+--------+
         Total |   5634 |   4622 |   1012 |    744 |   2527 |   7 |  804.9 |
       Dungeon |   5632 |   4620 |   1012 |    744 |   2527 |   6 |  938.7 |
        Temple |      1 |      1 |      0 |      0 |      0 |   1 |    1.0 |
               +--------+--------+--------+--------+--------+-----+--------+

Top non-repeatable levels by time:
     D:4: 1353 daAuts
     D:2: 1281 daAuts
     D:1: 1273 daAuts
     D:5: 841 daAuts
     D:3: 561 daAuts
     D:6: 320 daAuts
  Temple: 1 daAuts
